 Dungeon Crawl Stone Soup version 0.32-a0-933-ga8fa3634e4 (webtiles) character file.

Game seed: 14036277164195280146

12157 Alarak the Spear-Bearer (level 11, -19/87 HPs)
             Began as a Gnoll Reaver on Apr 14, 2024.
             Was a Believer of Ashenzari.
             Demolished by an enormous slime creature (55 damage)
             ... on level 11 of the Dungeon.
             The game lasted 00:36:31 (10991 turns).

Alarak the Spear-Bearer (Gnoll Reaver)             Turns: 10991, Time: 00:36:35

Health: -19/87     AC: 10    Str: 21    XL:     11   Next: 89%
Magic:  0/23       EV: 18    Int: 16    God:    Ashenzari [**....]
Gold:   611        SH:  0    Dex: 10    Spells: 21/27 levels left

rFire   . . .        Y - +12 flail "Hoiwear" {pain, rCorr Int+2}
rCold   . . .        (no shield)
rNeg    . . .        V - +0 acid dragon scales
rPois   .            (no helmet)
rElec   .            (no cloak)
rCorr   +            s - +0 pair of gloves "Bound With Me" {Fort, Dev} (curse)
SInv    +            o - +0 pair of boots of Ashenzari's Blue Moon {Range, Elem} (curse)
Will    .....        K - amulet of the Sibylline Prison {Spirit, Sorc, Melee} (curse)
Stlth   +++          u - +5 ring of evasion
HPRegen 0.34/turn    e - +6 ring of strength
MPRegen 0.18/turn

%: guardian spirit
@: no status effects
A: fangs 1, strong nose, distributed training
a: Renounce Religion, Curse Item, Shatter the Chains


You were on level 11 of the Dungeon.
You worshipped Ashenzari.
Ashenzari was pleased with you.
You visited 2 branches of the dungeon, and saw 13 of its levels.
You also visited: Bailey.

You collected 666 gold pieces.
You spent 55 gold pieces at shops.

Inventory:

Hand Weapons
 p - the +8 spear "Goblinbane" {drain, rElec MP-9 Str+5 Int+3}
   (You found it on level 3 of the Dungeon)

   Str+5:     It affects your strength (+5).
   Int+3:     It affects your intelligence (+3).
   rElec:     It insulates you from electricity.
   MP-9:      It affects your magic capacity (-9).
 q - the +9 arbalest "Ytein" {drain, Int+6}
   (You found it on level 7 of the Dungeon)

   Int+6:     It affects your intelligence (+6).
 Y - the +12 flail "Hoiwear" (weapon) {pain, rCorr Int+2}
   (You took it off a gnoll on level 10 of the Dungeon)

   Int+2:     It affects your intelligence (+2).
   rCorr:     It protects you from acid and corrosion.
Missiles
 l - a throwing net
 v - 8 boomerangs (quivered)
 D - 35 poisoned darts
Armour
 o - the cursed +0 pair of boots of Ashenzari's Blue Moon (worn) {Range, Elem}
   (You found it on level 3 of the Dungeon)

   It has a curse which improves the following skills: Ranged Combat: Ranged
   Weapons and Throwing.
   Elements:  Fire Magic, Ice Magic, Air Magic and Earth Magic.
 s - the cursed +0 pair of gloves "Bound With Me" (worn) {Fort, Dev}
   (You found it on level 3 of the Dungeon)

   It has a curse which improves the following skills: Fortitude: Armour and
   Shields.
   Devices:   Evocations and Shapeshifting.
 x - a +0 plate armour
 F - a +0 troll leather armour
 V - +0 acid dragon scales (worn)
 Z - a +0 pair of gloves
Jewellery
 d - a +6 ring of intelligence
 e - a +6 ring of strength (right hand)
 h - a ring of fire
 u - a +5 ring of evasion (left hand)
 K - the cursed amulet of the Sibylline Prison (around neck) {Spirit, Sorc, Melee}
   (You found it on level 8 of the Dungeon)

   [amulet of guardian spirit]

   Spirit:    It causes incoming damage to be divided between your reserves of
   health and magic.
   It has a curse which improves the following skills: Sorcery: Conjurations and
   Alchemy.
   Melee Combat: Short Blades, Long Blades, Axes, Maces & Flails, Polearms,
   Staves and Unarmed Combat.
 T - the amulet "Fimnen" {Acrobat rElec rC- rCorr Slay+2}
   (You acquired it on level 11 of the Dungeon)

   [amulet of the acrobat]

   Acrobat:   It increases your evasion while moving and waiting.
   Slay+2:    It affects your accuracy & damage with ranged weapons and melee
   (+2).
   rC-:       It makes you vulnerable to cold.
   rElec:     It insulates you from electricity.
   rCorr:     It protects you from acid and corrosion.
 U - a +6 ring of dexterity
 X - a +6 ring of dexterity
Talismans
 k - a maw talisman
 C - a serpent talisman
Wands
 f - a wand of mindburst (43)
 w - a wand of iceblast (24)
 B - a wand of polymorph (3)
 E - a wand of charming (5)
Scrolls
 b - 3 scrolls of poison
 c - 4 scrolls of vulnerability
 g - 6 scrolls of teleportation
 m - 4 scrolls of revelation
 r - a scroll of blinking
 y - a scroll of brand weapon
 H - 2 scrolls of enchant armour
 I - 2 scrolls of enchant weapon
 M - a scroll of amnesia
 P - a scroll of fog
 Q - a scroll of fear
 R - 2 scrolls of summoning
Potions
 a - a potion of might
 i - a potion of magic
 j - 6 potions of curing
 n - a potion of lignification
 t - 2 potions of haste
 z - a potion of attraction
 A - a potion of mutation
 G - a potion of resistance
 L - 2 potions of enlightenment
 N - a potion of ambrosia
 O - 3 potions of brilliance
 W - 2 potions of berserk rage
Miscellaneous
 S - a lightning rod (4/4)


   Skills:
 + Level 8.4 Fighting
 + Level 7.0(8.1) Short Blades
 + Level 7.0(8.1) Long Blades
 + Level 7.0(8.1) Axes
 + Level 7.0(8.1) Maces & Flails
 + Level 9.6(10.8) Polearms
 + Level 7.0(8.1) Staves
 + Level 7.0(8.1) Ranged Weapons
 + Level 7.0(8.1) Throwing
 + Level 7.0(8.1) Armour
 + Level 8.4 Dodging
 + Level 7.0 Stealth
 + Level 7.0(8.1) Shields
 + Level 7.0(8.1) Unarmed Combat
 + Level 8.7 Spellcasting
 + Level 8.0(9.2) Conjurations
 + Level 5.8 Hexes
 + Level 5.8 Summonings
 + Level 5.8 Necromancy
 + Level 5.8 Translocations
 + Level 5.8(6.9) Fire Magic
 + Level 5.8(6.9) Ice Magic
 + Level 5.8(6.9) Air Magic
 + Level 5.8(6.9) Earth Magic
 + Level 5.8(6.9) Alchemy
 + Level 7.6 Invocations
 + Level 7.0(8.1) Evocations
 + Level 6.3(7.5) Shapeshifting


You had 21 spell levels left.
You knew the following spells:

 Your Spells              Type           Power      Damage    Failure   Level
a - Kiss of Death         Conj/Necr      100%       2d13      1%          1
b - Blink                 Tloc           50%        N/A       1%          2
c - Hailstorm             Conj/Ice       32%        3d8       1%          3

Your spell library contained the following spells:

 Spells                   Type           Power      Damage    Failure   Level
 Lesser Beckoning         Tloc           50%        N/A       1%          2
 Momentum Strike          Conj/Tloc      62%        3d9       1%          2
 Passwall                 Erth           29%        N/A       2%          3
 Volatile Blastmotes      Fire/Tloc      54%        2d14      2%          3
 Vhi's Electric Charge    Tloc/Air       54%        N/A       10%         4
 Bombard                  Conj/Erth      16%        9d3       56%         6


Dungeon Overview and Level Annotations

Branches:
Dungeon (12/15)            Temple (1/1) D:6            Lair (0/5) D:9
    Orc (0/2) D:9          Bailey (visited)

Altars:
Ashenzari
Cheibriados
Dithmenos
Elyvilon
Fedhas
Gozag
Hepliaklqana
Kikubaaqudgha
Makhleb
Nemelex Xobeh
Okawaru
Qazlal
Ru
Sif Muna
Trog
Uskayaw
Vehumet
Wu Jian
Xom
Yredelemnul
Zin
The Shining One

Shops:
D:7 (*   D:10 ?

Annotations:
D:4 1 runed translucent door, OboWinRate's ghost, amateur DgBr
D:9 2 transporters


Innate Abilities, Weirdness & Mutations

You have very sharp teeth.
Your uncanny sense of smell can sniff out nearby items.
Your experience applies equally to all skills.


Message History

You bite the slime creature, but do no damage.
The slime creature is almost dead.
Two slime creatures merge to form a large slime creature.
Two slime creatures merge to form a very large slime creature.
You thump the very large slime creature!
The very large slime creature is heavily wounded.
The very large slime creature completely misses you.
You hit the very large slime creature.
The very large slime creature writhes in agony.
Your bite misses the very large slime creature.
The very large slime creature is heavily wounded.
Two slime creatures merge to form an enormous slime creature.
You bludgeon the enormous slime creature!!
The enormous slime creature writhes in agony.
The enormous slime creature is heavily wounded.
The enormous slime creature barely misses you.
You hit the enormous slime creature.
The enormous slime creature writhes in agony.
The enormous slime creature is heavily wounded.
The enormous slime creature barely misses you.
You barely miss the enormous slime creature.
You bite the enormous slime creature, but do no damage.
The enormous slime creature is heavily wounded.
The enormous slime creature misses you.
You hit the enormous slime creature.
The enormous slime creature writhes in agony.
Your bite misses the enormous slime creature.
The enormous slime creature is heavily wounded.
The enormous slime creature hits you.
You sock the enormous slime creature!
The enormous slime creature writhes in agony.
The enormous slime creature is severely wounded.
The enormous slime creature misses you.
You bludgeon the enormous slime creature!!
The enormous slime creature writhes in agony.
Your bite misses the enormous slime creature.
The enormous slime creature is severely wounded.
The enormous slime creature hits you!!!
Ouch! That really hurt!
You die...

##.########## #..# ##.# #.# ##
###.######## #. #..........####.
#.............#.
##################..........##.#.
................@J......>.(.##...
##################..........####.
#....?.....# ## #..........#
#..........# ############


You could see an enormous slime creature.

Vanquished Creatures
  A two-headed ogre (D:9)
  2 orc knights (Bailey)
  Pikel (D:5)
  A cyclops (D:11)
  A komodo dragon (D:9)
  A troll (D:10)
  A hornet (D:11)
  Grinder (D:3)
  3 wyverns
  A shadow (D:10)
  2 wraiths (D:11)
  A basilisk (D:11)
  12 yaks
  2 vampire mosquitoes (D:11)
  2 water moccasins
  An acid dragon (D:10)
  Duvessa (D:5)
  16 orc warriors
  An ice beast (D:7)
  A sky beast (D:7)
  2 ogres
  2 centaurs
  2 kobold brigands (D:9)
  3 bullfrogs
  A gnoll sergeant (D:10)
  5 wights
  Dowan (D:5)
  8 killer bees
  An electric eel (D:11)
  A howler monkey (D:9)
  5 hounds
  3 bombardier beetles
  3 jellies
  16 orc priests
  9 iguanas
  A sleepcap (D:4)
  11 orc wizards
  Ijyb (D:3)
  11 gnolls
  3 adders
  A shadow imp (D:6)
  A white imp (D:8)
  2 ufetubi (D:6)
  4 dart slugs
  A ribbon worm (D:2)
  43 orcs
  8 endoplasms
  A giant cockroach (D:2)
  13 hobgoblins
  11 kobolds
  2 quokkas
  6 ball pythons
  4 bats
  2 frilled lizards
  13 goblins
  A rat (D:2)
254 creatures vanquished.

Vanquished Creatures (collateral kills)
  An orc warlord (Bailey)
  A gnoll (Bailey)
  2 goblins (Bailey)
4 creatures vanquished.

Vanquished Creatures (others)
  2 spectral weapons (Bailey)
2 creatures vanquished.

Grand Total: 260 creatures vanquished

Notes
Turn   | Place    | Note
-------+----------+-------------------------------------------
     0 | D:1      | Alarak the Gnoll Reaver began the quest for the Orb.
     0 | D:1      | Reached XP level 1. HP: 20/20 MP: 6/6
   159 | D:1      | Reached XP level 2. HP: 23/26 MP: 7/7
   710 | D:2      | Reached skill level 5 in Spellcasting
   710 | D:2      | Reached XP level 3. HP: 31/31 MP: 7/9
   745 | D:2      | Reached skill level 1 in Invocations
   986 | D:2      | Reached skill level 1 in Short Blades
   986 | D:2      | Reached skill level 1 in Long Blades
   986 | D:2      | Reached skill level 1 in Axes
   986 | D:2      | Reached skill level 1 in Maces & Flails
   986 | D:2      | Reached skill level 1 in Staves
   986 | D:2      | Reached skill level 1 in Ranged Weapons
   986 | D:2      | Reached skill level 1 in Throwing
   986 | D:2      | Reached skill level 1 in Armour
   986 | D:2      | Reached skill level 1 in Stealth
   986 | D:2      | Reached skill level 1 in Shields
   986 | D:2      | Reached skill level 1 in Unarmed Combat
   986 | D:2      | Reached skill level 1 in Evocations
  1207 | D:3      | Reached skill level 1 in Shapeshifting
  1207 | D:3      | Reached XP level 4. HP: 35/38 MP: 11/11
  1257 | D:3      | Found a faded altar of an unknown god.
  1554 | D:3      | Reached skill level 1 in Hexes
  1554 | D:3      | Reached skill level 1 in Summonings
  1554 | D:3      | Reached skill level 1 in Necromancy
  1554 | D:3      | Reached skill level 1 in Translocations
  1554 | D:3      | Reached skill level 1 in Fire Magic
  1554 | D:3      | Reached skill level 1 in Ice Magic
  1554 | D:3      | Reached skill level 1 in Air Magic
  1554 | D:3      | Reached skill level 1 in Earth Magic
  1554 | D:3      | Reached skill level 1 in Alchemy
  1616 | D:3      | Identified the +8 spear "Goblinbane" {drain, rElec MP-9
                  | Str+5 Int+3}
  1638 | D:3      | Reached XP level 5. HP: 39/43 MP: 3/12
  1794 | D:3      | Noticed Grinder
  1804 | D:3      | Paralysed by Grinder for 5 turns
  1818 | D:3      | Killed Grinder
  1819 | D:3      | Reached skill level 5 in Fighting
  1819 | D:3      | Reached skill level 5 in Dodging
  1819 | D:3      | Reached XP level 6. HP: 25/51 MP: 5/14
  1947 | D:3      | Noticed Ijyb
  2422 | D:3      | Killed Ijyb
  3323 | D:4      | Found a runed translucent door.
  3342 | D:4      | Found an ancient bone altar of Kikubaaqudgha.
  3365 | D:4      | Reached skill level 7 in Polearms
  3365 | D:4      | Reached XP level 7. HP: 56/56 MP: 6/15
  3703 | D:4      | Noticed OboWinRate's ghost (amateur DgBr)
  4055 | D:5      | Entered Level 5 of the Dungeon
  4056 | D:5      | Noticed Duvessa
  4056 | D:5      | Noticed Dowan
  4058 | D:5      | Killed Dowan
  4373 | D:5      | Killed Duvessa
  4492 | D:5      | Reached XP level 8. HP: 59/63 MP: 7/16
  4535 | D:5      | Noticed Pikel
  4550 | D:5      | Killed Pikel
  5233 | D:5      | Noticed a yak
  5236 | D:5      | Noticed a yak
  5240 | D:5      | Noticed a yak
  5244 | D:5      | Killed a yak
  5245 | D:5      | Reached XP level 9. HP: 69/69 MP: 9/18
  5573 | D:6      | Found a staircase to the Ecumenical Temple.
  5597 | Temple   | Entered the Ecumenical Temple
  5630 | Temple   | Became a worshipper of Ashenzari the Shackled
  5954 | D:6      | Upgraded the game from 0.32-a0-931-g5a2cda0630 to
                  | 0.32-a0-933-ga8fa3634e4
  6158 | D:7      | Reached skill level 8 in Polearms
  6189 | D:7      | Found Fotzic's CLEARANCE SALE!.
  6198 | D:7      | Bought 2 scrolls of poison for 40 gold pieces
  6198 | D:7      | Bought a potion of curing for 15 gold pieces
  6266 | D:7      | Reached skill level 5 in Invocations
  6337 | D:7      | Identified the +9 arbalest "Ytein" {drain, Int+6}
  6479 | D:7      | Found Ynerhilu's Antique Weapon Shoppe.
  6975 | D:8      | Reached skill level 5 in Short Blades
  6975 | D:8      | Reached skill level 5 in Long Blades
  6975 | D:8      | Reached skill level 5 in Axes
  6975 | D:8      | Reached skill level 5 in Maces & Flails
  6975 | D:8      | Reached skill level 5 in Staves
  6975 | D:8      | Reached skill level 5 in Ranged Weapons
  6975 | D:8      | Reached skill level 5 in Throwing
  6975 | D:8      | Reached skill level 5 in Armour
  6975 | D:8      | Reached skill level 5 in Stealth
  6975 | D:8      | Reached skill level 5 in Shields
  6975 | D:8      | Reached skill level 5 in Unarmed Combat
  6975 | D:8      | Reached skill level 5 in Evocations
  6975 | D:8      | Reached XP level 10. HP: 77/77 MP: 20/20
  7453 | D:9      | Found a transporter.
  7459 | D:9      | Noticed a meliai
  7461 | D:9      | Reached * piety under Ashenzari
  7461 | D:9      | Identified the +8 long sword of Absolution {freeze, *Rage
                  | rPois rN+ Str+2}
  7462 | D:9      | Noticed an arcanist
  7463 | D:9      | Noticed a cyclops
  7671 | D:9      | Found a transporter.
  7794 | D:9      | Found a staircase to the Lair.
  7925 | D:9      | Identified the +5 trident "Giutoze" {spect, Fly rPois}
  7938 | D:9      | Reached skill level 5 in Shapeshifting
  8032 | D:9      | Noticed a two-headed ogre
  8045 | D:9      | Killed a two-headed ogre
  8296 | D:9      | Reached skill level 9 in Polearms
  8405 | D:9      | Found a staircase to the Orcish Mines.
  8554 | D:9      | Noticed a sun moth
  8572 | D:9      | a sun moth changed into a crocodile
  8631 | D:10     | Entered Level 10 of the Dungeon
  8656 | D:10     | Reached skill level 5 in Hexes
  8656 | D:10     | Reached skill level 5 in Summonings
  8656 | D:10     | Reached skill level 5 in Necromancy
  8656 | D:10     | Reached skill level 5 in Translocations
  8656 | D:10     | Reached skill level 5 in Fire Magic
  8656 | D:10     | Reached skill level 5 in Ice Magic
  8656 | D:10     | Reached skill level 5 in Air Magic
  8656 | D:10     | Reached skill level 5 in Earth Magic
  8656 | D:10     | Reached skill level 5 in Alchemy
  8656 | D:10     | Reached XP level 11. HP: 12/85 MP: 3/22
  8884 | D:10     | Found a flagged portal.
  8903 | Bailey   | Entered a bailey
  9011 | Bailey   | Noticed an orc knight
  9048 | Bailey   | HP: 1/86 [orc knight/+0 war axe (21)]
  9051 | Bailey   | Killed an orc knight
  9227 | Bailey   | Noticed an orc knight
  9251 | Bailey   | Killed an orc knight
  9412 | Bailey   | Noticed an orc warlord
  9452 | Bailey   | Killed an orc warlord
  9508 | Bailey   | Identified a scroll of acquirement
  9662 | D:10     | Identified the +12 flail "Hoiwear" {pain, rCorr Int+2}
  9784 | D:10     | Found Mabikk's Magic Scroll Emporium.
  9827 | D:10     | Reached ** piety under Ashenzari
  9964 | D:11     | Acquired the amulet "Fimnen" {Acrobat rElec rC- rCorr
                  | Slay+2}
 10033 | D:11     | Learned a level 2 spell: Blink
 10037 | D:11     | Learned a level 3 spell: Hailstorm
 10602 | D:11     | Noticed a cyclops
 10611 | D:11     | Killed a cyclops
 10991 | D:11     | Demolished by an enormous slime creature

Illustrated notes

Levels and vault maps discovered:
D:1:      dpeg_arrival_pits, layout_loops_ring, chequers_serial_rivers_room_a
D:2:      layout_basic, st_stairs_7
D:3:      layout_basic, nicolae_ecumenical_lake_church, uniq_ijyb, uniq_grinder
D:4:      layout_cave_pods, lemuel_round_altar, ebering_ghost_reflecting_pool
D:5:      layout_loops_corners, uniq_duvessa, uniq_pikel
D:6:      layout_rooms, minmay_temple_entry_proselytizer, chequers_jeans
D:7:      layout_rooms, serial_shops, nicolae_shop_dealshenge,
          serial_bayou_pond_c, nicolae_shop_clearance
D:8:      layout_rooms
D:9:      gammafunk_sealed_arena, layout_cave_pools, david_lair_shrubbed,
          hiddenorc1_lemuel
D:10:     layout_rooms, serial_shops, nicolae_diamond_shop, enter_bailey_2
D:11:     layout_roguey, nrook_pool_corridor
D:12:     layout_stronghold, nicolae_hepliaklqana_ecumenical_no_more
Temple:   kilobyte_greek_temple

Skill      XL: |  1  2  3  4  5  6  7  8  9 10 11 |
---------------+----------------------------------+-----
Spellcasting   | 5 6 7 8 |  8.7
Invocations    | 1 2 3 4 5 6 7 |  7.6
Short Blades   | 1 2 3 5 6 7 |  7.0
Long Blades    | 1 2 3 5 6 7 |  7.0
Axes           | 1 2 3 5 6 7 |  7.0
Maces & Flails | 1 2 3 5 6 7 |  7.0
Staves         | 1 2 3 5 6 7 |  7.0
Ranged Weapons | 1 2 3 5 6 7 |  7.0
Throwing       | 1 2 3 5 6 7 |  7.0
Armour         | 1 2 3 5 6 7 |  7.0
Stealth        | 1 2 3 5 6 7 |  7.0
Shields        | 1 2 3 5 6 7 |  7.0
Unarmed Combat | 1 2 3 5 6 7 |  7.0
Evocations     | 1 2 3 5 6 7 |  7.0
Shapeshifting  | 1 2 3 4 5 6 |  6.3
Hexes          | 1 2 3 4 5 |  5.8
Summonings     | 1 2 3 4 5 |  5.8
Necromancy     | 1 2 3 4 5 |  5.8
Translocations | 1 2 3 4 5 |  5.8
Fire Magic     | 1 2 3 4 5 |  5.8
Ice Magic      | 1 2 3 4 5 |  5.8
Air Magic      | 1 2 3 4 5 |  5.8
Earth Magic    | 1 2 3 4 5 |  5.8
Alchemy        | 1 2 3 4 5 |  5.8
Fighting       | 5 6 7 8 |  8.4
Dodging        | 5 6 7 8 |  8.4
Polearms       | 7 8 9 |  9.6
Conjurations   | 6 7 8 |  8.0

Action                     |  1- 3 |  4- 6 |  7- 9 | 10-12 || total
---------------------------+-------+-------+-------+-------++-------
  Melee: Spear             |    92 |    88 |   174 |   209 ||   563
         Bite              |     6 |    14 |    17 |    36 ||    73
         Trident           |       |       |       |   116 ||   116
         Flail             |       |       |       |    81 ||    81
   Fire: Arbalest          |       |       |    23 |    70 ||    93
  Throw: Boomerang         |       |       |     1 |     5 ||     6
   Cast: Hailstorm         |       |       |       |     9 ||     9
         Blink             |       |       |       |     5 ||     5
 Invoke: Curse Item        |       |       |       |     3 ||     3
    Use: Scroll            |     8 |     2 |     1 |     4 ||    15
         Potion            |       |     1 |       |     5 ||     6
   Stab: Sleeping          |     3 |       |       |     2 ||     5
         Distracted        |       |       |       |     3 ||     3
 Armour: Leather armour    |    22 |     9 |       |       ||    31
         Chain mail        |       |    13 |    24 |       ||    37
         Plate armour      |       |       |    39 |    80 ||   119
         Acid dragon scale |       |       |       |    66 ||    66
         Troll leather arm |       |       |       |    42 ||    42
  Dodge: Dodged            |    21 |    20 |    69 |   237 ||   347

Table legend: (Time is in decaauts)
 A = Elapsed time spent in this place.
 B = Non-inter-level travel time spent in this place.
 C = Inter-level travel time spent in this place.
 D = Time resting spent in this place.
 E = Time spent auto-exploring this place.
 F = Levels seen in this place.
 G = Mean time per level.
                   A        B        C        D        E       F      G
               +--------+--------+--------+--------+--------+-----+--------+
         Total |  10893 |  10114 |    779 |   1548 |   6984 |  14 |  778.1 |
       Dungeon |  10212 |   9497 |    715 |   1469 |   6665 |  12 |  851.0 |
        Temple |     65 |      1 |     64 |      0 |      0 |   1 |   65.0 |
        Bailey |    615 |    615 |      0 |     79 |    319 |   1 |  615.0 |
               +--------+--------+--------+--------+--------+-----+--------+

Top non-repeatable levels by time:
     D:3: 2145 daAuts
     D:9: 1387 daAuts
     D:4: 1117 daAuts
     D:5: 1067 daAuts
    D:11: 1037 daAuts
     D:7: 691 daAuts
    D:10: 670 daAuts
     D:1: 652 daAuts
  Bailey: 615 daAuts
     D:6: 532 daAuts
     D:2: 497 daAuts
     D:8: 410 daAuts
  Temple: 65 daAuts
    D:12: 2 daAuts
